 Dungeon Crawl Stone Soup version 0.25-a0-503-ge281fa673e (webtiles) character file.

Game seed: 7045030777753657986, levelgen mode: deterministic

860 Notrik the Chopper (level 8, 0/71 HPs)
             Began as a Hill Orc Fighter on Feb 13, 2020.
             Was an Initiate of Trog.
             Slain by a wyvern (5 damage)
             ... on level 5 of the Dungeon.
             The game lasted 00:06:47 (4412 turns).

Notrik the Chopper (Hill Orc Fighter)               Turns: 4412, Time: 00:06:48

Health: 0/71       AC: 11    Str: 21    XL:     8   Next: 2%
Magic:  8/8        EV:  8    Int:  8    God:    Trog [......]
Gold:   215        SH: 10    Dex: 10    Spells: 7/7 levels left

rFire    . . .     SeeInvis .   a - +0 war axe
rCold    . . .     Gourm    .   c - +0 kite shield
rNeg     . . .     Faith    .   b - +0 scale mail
rPois    .         Spirit   .   j - +0 helmet
rElec    .         Reflect  .   v - +0 cloak
rCorr    .         Harm     .   x - +0 pair of gloves
MR       .....                  (no boots)
Stlth    ..........             (no amulet)
HPRegen  0.21/turn              (no ring)
MPRegen  0.11/turn              (no ring)

@: no status effects
A: no striking features
a: Renounce Religion


You were on level 5 of the Dungeon.
You worshipped Trog.
Trog was noncommittal.
You were not hungry.

You visited 1 branch of the dungeon, and saw 5 of its levels.

You collected 215 gold pieces.

Inventory:

Hand Weapons
 a - a +0 war axe (weapon)
Armour
 b - a +0 scale mail (worn)
 c - a +0 kite shield (worn)
 j - a +0 helmet (worn)
   (You found it on level 1 of the Dungeon)
 t - a +0 pair of boots
   (You found it on level 5 of the Dungeon)
 v - a +0 cloak (worn)
   (You found it on level 4 of the Dungeon)
 x - a +0 pair of gloves (worn)
   (You found it on level 4 of the Dungeon)
 B - a +0 pair of boots
   (You found it on level 5 of the Dungeon)
Jewellery
 n - a cursed ring of teleportation {unknown}
   (You found it on level 1 of the Dungeon)
Wands
 q - a wand of polymorph (2)
   (You found it on level 2 of the Dungeon)
 y - a wand of enslavement (7)
   (You found it on level 5 of the Dungeon)
Scrolls
 f - 3 scrolls of remove curse {unknown}
 g - 2 scrolls of noise {unknown}
 k - 3 scrolls of teleportation {@r4}
 l - 2 scrolls of immolation {unknown}
 o - 5 scrolls of identify {unknown}
 p - a scroll of magic mapping {unknown}
 r - 2 scrolls of fear {unknown}
 u - a scroll of enchant weapon {unknown}
Potions
 d - 2 potions of might
 h - a potion of lignification {unknown}
 i - 6 potions of curing {unknown}
 m - a potion of invisibility {unknown}
 s - a potion of haste {unknown}
 w - a potion of flight {unknown}
 z - a potion of brilliance {unknown}
 A - a potion of berserk rage {unknown}
Comestibles
 e - 5 rations {!d}


   Skills:
 + Level 6.3 Fighting
 + Level 6.3 Axes
 + Level 5.8 Armour
 + Level 5.8 Shields


You had 7 spell levels left.
You didn't know any spells.
Your spell library was empty.

Dungeon Overview and Level Annotations

Branches:
Dungeon (5/15)             Temple (0/1) D:5

Altars:
Elyvilon
Hepliaklqana
Qazlal
Trog
Xom
Zin

Annotations:
D:3 1 runed translucent door, ICC's ghost, amateur VSFi


Message History

You see here an iguana skeleton. x2
Eating a chunk of flesh.
You eat the chunk of flesh.
You now have 215 gold pieces (gained 13).
Found an escape hatch in the floor.
No target in view!
No target in view!
A wyvern comes into view.
The wyvern hisses angrily.
A wyvern is nearby!
A wyvern is nearby!
A wyvern is nearby!
The wyvern hisses menacingly.
The wyvern barely misses you.
You barely miss the wyvern. The wyvern barely misses you.
The wyvern bites you but does no damage.
You closely miss the wyvern. The wyvern bites you.
You block the wyvern's attack.
Your shield prevents you from hitting the wyvern.
You block the wyvern's attack. The wyvern bites you.
You slash the wyvern! You block the wyvern's attack.
The wyvern barely misses you.
You barely miss the wyvern.
The wyvern bites you but does no damage.
The wyvern bites you.
You barely miss the wyvern. You block the wyvern's attack.
You barely miss the wyvern. You block the wyvern's attack.
The wyvern bites you but does no damage.
Your shield and scale mail prevent you from hitting the wyvern.
The wyvern bites you! You block the wyvern's attack.
You hit the wyvern but do no damage.
The wyvern bites you but does no damage.
You block the wyvern's attack.
You hit the wyvern. You block the wyvern's attack. The wyvern bites you.
You barely miss the wyvern. The wyvern barely misses you.
You block the wyvern's attack.
You hit the wyvern but do no damage. The wyvern bites you.
* * * LOW HITPOINT WARNING * * *
You block the wyvern's attack.
Okay, then.
You hit the wyvern but do no damage. You block the wyvern's attack.
The wyvern bites you!
* * * LOW HITPOINT WARNING * * *
You hit the wyvern. The wyvern closely misses you.
You block the wyvern's attack.
You hit the wyvern. The wyvern bites you!
* * * LOW HITPOINT WARNING * * *
The wyvern bites you but does no damage.
You hit the wyvern but do no damage. You block the wyvern's attack.
The wyvern bites you.
You die...

.## #.. ......#.#
#.# ## ### .....#.#
#.# # # # #..#.#
#.# #.#.
#....#######.#
...#####..........#
...#....#########
#.#....# #...######
#.@......#
#.l#####.# #..#
#..# .... .#..# ..
..#... #. ## ....
##. ### #... ..###


You could see a wyvern.

Vanquished Creatures
  A sky beast (D:5)
  A centaur (D:5)
  A bullfrog (D:5)
  A scorpion (D:4)
  2 crimson imps (D:5)
  3 hounds
  A centaur skeleton (D:5)
  3 iguanas (D:5)
  3 worker ants
  6 gnolls (D:3)
  6 adders
  A shadow imp (D:5)
  An adder skeleton (D:4)
  6 worms
  3 dart slugs
  6 leopard geckos
  3 orcs
  3 giant cockroaches
  7 goblins
  11 hobgoblins
  8 jackals
  2 quokkas (D:3)
  4 ball pythons
  6 bats
  3 frilled lizards
  8 kobolds
  A leopard gecko skeleton (D:4)
  2 rats
103 creatures vanquished.

Notes
Turn   | Place    | Note
-------+----------+-------------------------------------------
     0 | D:1      | Notrik the Hill Orc Fighter began the quest for the Orb.
     0 | D:1      | Reached XP level 1. HP: 19/19 MP: 1/1
   339 | D:1      | Reached XP level 2. HP: 21/27 MP: 2/2
   663 | D:1      | Reached XP level 3. HP: 23/33 MP: 3/3
  1104 | D:2      | Reached XP level 4. HP: 26/40 MP: 4/4
  2124 | D:3      | Reached XP level 5. HP: 30/47 MP: 5/5
  2548 | D:3      | Found a bloodstained altar of Trog.
  2571 | D:3      | Reached XP level 6. HP: 42/55 MP: 6/6
  2630 | D:3      | Reached skill level 5 in Fighting
  2679 | D:3      | Found a runed translucent door.
  2969 | D:3      | Noticed ICC's ghost (amateur VSFi)
  3131 | D:3      | Became a worshipper of Trog the Wrathful
  3448 | D:4      | Reached skill level 5 in Axes
  3479 | D:4      | Found a glowing silver altar of Zin.
  3540 | D:4      | Found a stormy altar of Qazlal.
  3607 | D:4      | Found a hazy altar of Hepliaklqana.
  3608 | D:4      | Found a shimmering altar of Xom.
  3609 | D:4      | Noticed a spectral ugly thing
  3663 | D:4      | Reached skill level 5 in Shields
  3806 | D:5      | Entered Level 5 of the Dungeon
  3806 | D:5      | Noticed a sky beast
  3821 | D:5      | Killed a sky beast
  3821 | D:5      | Reached skill level 5 in Armour
  3821 | D:5      | Reached XP level 7. HP: 53/61 MP: 7/7
  4258 | D:5      | Found a staircase to the Ecumenical Temple.
  4300 | D:5      | Found a white marble altar of Elyvilon.
  4363 | D:5      | Reached XP level 8. HP: 50/71 MP: 8/8
  4393 | D:5      | Noticed a wyvern
  4412 | D:5      | Slain by a wyvern

Levels and vault maps discovered:
D:1:      giann_bridges, layout_basic, serial_bayou_crossing
D:2:      lemuel_upstairs_altar, layout_loops_ring, first_ration
D:3:      layout_basic, bloody_trog, gammafunk_ghost_grave
D:4:      wander_river, layout_rooms, regret_index_temple_of_mockery,
          zin_scriptorium, grunt_qazlal_sundering
D:5:      layout_loops_corners, elyvilon_altar_5, minmay_temple_entry_wispy,
          hangedman_glass_teeth

Skill      XL: |  1  2  3  4  5  6  7 |
---------------+----------------------+-----
Axes           | 3 4 5 6 |  6.3
Fighting       | 4 5 6 |  6.3
Armour         | 4 5 |  5.8
Shields        | 4 5 |  5.8

Action                   |  1- 3 |  4- 6 |  7- 9 || total
-------------------------+-------+-------+-------++-------
Melee: War axe           |   117 |   222 |    97 ||   436
  Use: Scroll            |       |     1 |       ||     1
  Eat: Ration            |     1 |     1 |       ||     2
       Chunk             |       |     3 |     2 ||     5
Armor: Scale mail        |    75 |   104 |    39 ||   218
Dodge: Dodged            |    49 |    63 |    27 ||   139
Block: Kite shield       |    66 |   140 |    53 ||   259

Table legend:
 A = Non-vault XP
 B = Vault XP
 C = Vault XP percentage of total XP
 D = Non-vault monster count
 E = Vault monster count
 F = Vault count percentage of total count
                 A         B        C        D         E       F
            +---------+---------+-------+---------+---------+-------
      Total |    1229 |       0 |   0.0 |     103 |       0 |   0.0
            +---------+---------+-------+---------+---------+-------
        D:1 |      47 |       0 |   0.0 |      23 |       0 |   0.0
        D:2 |      95 |       0 |   0.0 |      27 |       0 |   0.0
        D:3 |     190 |       0 |   0.0 |      25 |       0 |   0.0
        D:4 |     248 |       0 |   0.0 |      12 |       0 |   0.0
        D:5 |     649 |       0 |   0.0 |      16 |       0 |   0.0
            +---------+---------+-------+---------+---------+-------
